 Dungeon Crawl Stone Soup version 0.23.1 (webtiles) character file.

Game seed: 698921509088173896

356 ohad the Changer (level 6, -1/38 HPs)
             Began as an Octopode Transmuter on Mar 8, 2019.
             Slain by an orc wizard
             ... wielding a +0 dagger
              (2 damage)
             ... on level 3 of the Dungeon.
             The game lasted 00:05:49 (2897 turns).

ohad the Changer (Octopode Transmuter)              Turns: 2897, Time: 00:05:50

Health: -1/38      AC:  1    Str:  9    XL:     6   Next: 63%
Magic:  6/11       EV: 13    Int: 18    God:
Gold:   84         SH:  0    Dex: 12    Spells: 2/12 levels left

rFire    . . .     SeeInvis .     - Unarmed
rCold    . . .     Gourm    .   (no shield)
rNeg     . . .     Faith    .   (helmet restricted)
rPois    .         Spirit   .   (no amulet)
rElec    .         Reflect  .   (no ring)
rCorr    .         Harm     .   (no ring)
MR       .....                  (no ring)
Stlth    +++.......             (no ring)
HPRegen  0.12/turn              (no ring)
MPRegen  0.12/turn              (no ring)
                                (no ring)
                                (no ring)

@: very slightly contaminated
A: almost no armour, stealthy swim, amphibious, 8 rings, constrict 8, camouflage
1, gelatinous body 1
a: no special abilities


You were on level 3 of the Dungeon.
You were not hungry.

You visited 1 branch of the dungeon, and saw 3 of its levels.

You collected 84 gold pieces.

Inventory:

Hand Weapons
 m - a +2 quarterstaff of chaos
Missiles
 a - 91 arrows
Wands
 k - a wand of flame (22)
Scrolls
 b - 3 scrolls of remove curse {unknown}
 d - a scroll of fog {unknown}
 g - 7 scrolls of identify {unknown}
 h - a scroll of teleportation {unknown}
 i - 2 scrolls of blinking {unknown}
Potions
 e - a potion of berserk rage {unknown}
 j - a potion of mutation {unknown}
 l - a potion of heal wounds {unknown}
Comestibles
 c - 3 rations


   Skills:
 - Level 1.0 Fighting
 - Level 2.0 Dodging
 - Level 1.8 Stealth
 - Level 3.0 Unarmed Combat
 - Level 3.8 Spellcasting
 - Level 5.2 Transmutations
 + Level 1.6 Ice Magic


You had 2 spell levels left.
You knew the following spells:

 Your Spells              Type           Power        Failure   Level  Hunger
a - Beastly Appendage     Tmut           ###...       1%          1    None
b - Sticks to Snakes      Tmut           ###.....     2%          2    ##.....
c - Spider Form           Tmut/Pois      ##........   16%         3    ###....
d - Ice Form              Ice/Tmut       ###.....     36%         4    ####...

Your spell library contained the following spells:

 Spells                   Type           Power        Failure   Level  Hunger
 Blade Hands              Tmut           ###.......   43%         5    ######.


Dungeon Overview and Level Annotations

Branches:
Dungeon (3/15)

Altars:
Yredelemnul


Innate Abilities, Weirdness & Mutations

You cannot wear most types of armour.
You are very stealthy in the water. (Stealth+)
You are amphibious.
You can wear up to eight rings at the same time.
You can use your tentacles to constrict eight enemies at once.
Your skin changes colour to match your surroundings (Stealth+).
Your rubbery body absorbs attacks. (AC +1, EV +1)


Message History

The orc wizard gestures at you while chanting.
The magic dart hits you!
* * * LOW HITPOINT WARNING * * *
Your ball python bites the orc.
The orc dies!
The orc wizard casts a spell.
The orc wizard blinks!
Your ball python closely misses the orc.
Your ball python grabs the orc.
Your ball python constricts the orc.
The orc struggles to escape constriction.
The orc wizard gestures at you while chanting.
The magic dart hits you!
* * * LOW HITPOINT WARNING * * *
Your ball python bites the orc.
Your ball python constricts the orc.
The orc struggles to escape constriction.
The orc wizard misses you.
Your ball python loses its grip on the orc.
Unknown command.
The orc wizard hits you with a +0 dagger.
You die...

#.o..[......# ##.
#.........# ..
#.......# #. #.....#
##'########o.♣..#
#..(.....S)S♣_♣.#####
#......ro.)..♣..#...
#....o..S.......#.###
###.@..o.......÷.....
#.####+##..........
#. #.....###...... #.
#.....# #...... #.
#.....# #...... #.
##.....###......
...................
##..............###
..............###


You could see an orc wizard, an adder, 3 orcs, a quokka, a ball python and a
friendly ball python.

Vanquished Creatures
  Sigmund (D:2)
  A crimson imp (D:2)
  Crazy Yiuf (D:2)
  Jessica (D:2)
  Terence (D:2)
  An orc wizard (D:3)
  A worm (D:2)
  7 dart slugs
  A leopard gecko (D:2)
  5 giant cockroaches
  8 goblins
  3 hobgoblins
  4 jackals (D:2)
  9 bats
  3 frilled lizards (D:2)
  5 kobolds
  3 rats
55 creatures vanquished.

Vanquished Creatures (collateral kills)
  An orc (D:3)
1 creature vanquished.

Grand Total: 56 creatures vanquished

Notes
Turn   | Place    | Note
-------+----------+-------------------------------------------
     0 | D:1      | ohad the Octopode Transmuter began the quest for the Orb.
     0 | D:1      | Reached XP level 1. HP: 13/13 MP: 3/3
   486 | D:1      | Reached XP level 2. HP: 18/18 MP: 3/5
   659 | D:1      | Reached skill level 3 in Transmutations
   691 | D:1      | Learned a level 2 spell: Sticks to Snakes
   722 | D:1      | Reached skill level 1 in Stealth
   810 | D:1      | Reached XP level 3. HP: 23/23 MP: 6/6
   815 | D:1      | Learned a level 3 spell: Spider Form
  1117 | D:2      | Found a basalt altar of Yredelemnul.
  1258 | D:2      | Reached skill level 4 in Transmutations
  1258 | D:2      | Reached XP level 4. HP: 8/28 MP: 0/7
  1823 | D:2      | Found a runed translucent door.
  1824 | D:2      | Noticed Crazy Yiuf
  2024 | D:2      | Noticed Jessica
  2060 | D:2      | Noticed Terence
  2079 | D:2      | Killed Terence
  2079 | D:2      | Reached XP level 5. HP: 15/33 MP: 3/8
  2086 | D:2      | Noticed Sigmund
  2091 | D:2      | Killed Jessica
  2091 | D:2      | Reached skill level 5 in Transmutations
  2298 | D:2      | Killed Sigmund
  2298 | D:2      | Reached XP level 6. HP: 26/38 MP: 2/11
  2417 | D:2      | Learned a level 4 spell: Ice Form
  2596 | D:2      | Killed Crazy Yiuf
  2596 | D:2      | Reached skill level 1 in Ice Magic
  2839 | D:3      | Found a faded altar of an unknown god.
  2895 | D:3      | HP: 1/38 [orc wizard/magic dart (9)]
  2897 | D:3      | Slain by an orc wizard

Skill      XL: |  1  2  3  4  5  6 |
---------------+-------------------+-----
Transmutations | 3 4 5 |  5.2
Stealth        | 1 |  1.8
Spellcasting   | 3 |  3.8
Ice Magic      | 1 |  1.6
Fighting       | |  1.0
Dodging        | |  2.0
Unarmed Combat | |  3.0

Action                   |  1- 3 |  4- 6 || total
-------------------------+-------+-------++-------
Melee: Unarmed           |    72 |    75 ||   147
       Constrict         |    21 |     9 ||    30
       Kick              |    11 |     7 ||    18
       Tentacles         |    11 |     4 ||    15
       Punch             |       |     1 ||     1
 Cast: Beastly Appendage |    13 |     6 ||    19
       Spider Form       |     1 |     5 ||     6
       Sticks to Snakes  |       |     3 ||     3
       Ice Form          |       |     1 ||     1
 Stab: Sleeping          |     7 |     4 ||    11
  Eat: Chunk             |     1 |     7 ||     8
Armor: Skin              |     7 |     8 ||    15
Dodge: Dodged            |    36 |    57 ||    93
